 Dungeon Crawl Stone Soup version 0.21-a0-515-g8d4ebbe (webtiles) character file.

149 BingusPrime the Chucker (level 5, 0/44 HPs)
             Began as a Hill Orc Hunter on Dec 2, 2017.
             Slain by an adder (4 damage)
             ... on level 2 of the Dungeon.
             The game lasted 00:05:54 (2322 turns).

BingusPrime the Chucker (Hill Orc Hunter)           Turns: 2322, Time: 00:05:55

Health: 0/44       AC:  6    Str: 21    XL:     5   Next: 31%
Magic:  5/5        EV: 11    Int: 11    God:
Gold:   66         SH:  0    Dex: 12    Spells: 4/4 levels left

rFire    . . .     SeeInvis .   r - +0 falchion
rCold    . . .     Gourm    .   (no shield)
rNeg     . . .     Faith    .   k - +0 ring mail {MR+}
rPois    .         Spirit   .   (no helmet)
rElec    .         Reflect  .   (no cloak)
rCorr    .         Harm     .   n - +0 pair of gloves
MR       +....                  (no boots)
Stlth    +.........             (no amulet)
HPRegen  0.14/turn              o - +6 ring of strength
MPRegen  0.09/turn              (no ring)

@: no status effects
A: no striking features
a: no special abilities


You were on level 2 of the Dungeon.
You were hungry.

You visited 1 branch of the dungeon, and saw 2 of its levels.

You collected 66 gold pieces.

Inventory:

Hand Weapons
 a - a +0 short sword
 r - a +0 falchion (weapon)
Missiles
 d - a throwing net
 i - 11 poisoned needles
 j - 22 stones (quivered)
Armour
 b - a +0 leather armour
 k - a +0 ring mail of magic resistance (worn)
 n - a +0 pair of gloves (worn)
Jewellery
 o - a +6 ring of strength (left hand)
Scrolls
 e - a scroll of remove curse {unknown}
 g - a scroll of enchant weapon {unknown}
 h - 2 scrolls of enchant armour {unknown}
 l - a scroll of blinking {unknown}
Comestibles
 f - 2 bread rations
 m - 2 meat rations


   Skills:
 + Level 2.8 Fighting
 + Level 1.3(1.5) Short Blades
 * Level 1.0(1.5) Long Blades
 * Level 5.0 Throwing
 + Level 0.9 Armour
 + Level 2.1 Dodging
 + Level 0.8 Stealth


You had 4 spell levels left.
You didn't know any spells.

Dungeon Overview and Level Annotations

Branches:
Dungeon (2/15)

Altars:


Message History

The adder bites you but does no damage. Jessica hits you but does no damage.
The adder bites you.
* * * LOW HITPOINT WARNING * * *
You closely miss the adder.
The adder is almost dead.
Jessica closely misses you. The adder bites you but does no damage.
Jessica hits you with an enchanted club.
* * * LOW HITPOINT WARNING * * *
The adder bites you but does no damage.
You hit Jessica.
Jessica is almost dead.
Jessica closely misses you.
You riposte.
You hit Jessica.
You kill Jessica!
Your Throwing skill increases to level 5!
The adder bites you.
* * * LOW HITPOINT WARNING * * *
You barely miss the adder.
The adder is almost dead.
The adder bites you.
You die...

#.#.## ##.......
####....####........
...........'........
#####....####........
#........# ##.......
#.###.##.# ##.....#
#.#...##.# ##...##
#%.....#.# ##)##
#..)@..#.# #.#
#...S..#.# #.#
#.#.(.##.# ######.###
#.##.## .##.........#
# ..( ....#...†.# ...
#. ##....# .(. ##.#..
..(.. #.### #.#


You could see an adder.

Vanquished Creatures
  Jessica (D:2)
  Terence (D:2)
  Natasha (D:2)
  3 adders (D:2)
  An ooze (D:2)
  A worm (D:2)
  2 dart slugs
  A giant cockroach (D:2)
  5 goblins
  4 hobgoblins (D:1)
  2 jackals (D:1)
  7 bats
  5 frilled lizards
  5 kobolds
  2 rats (D:1)
41 creatures vanquished.

Notes
Turn   | Place    | Note
-------+----------+-------------------------------------------
     0 | D:1      | BingusPrime the Hill Orc Hunter began the quest for the Orb.
     0 | D:1      | Reached XP level 1. HP: 18/18 MP: 1/1
    81 | D:1      | Reached XP level 2. HP: 25/25 MP: 2/2
   764 | D:1      | Reached skill level 4 in Throwing
   981 | D:1      | Reached XP level 3. HP: 26/30 MP: 3/3
  1175 | D:2      | Noticed Terence
  1218 | D:2      | Killed Terence
  1218 | D:2      | Reached skill level 1 in Short Blades
  1537 | D:2      | Reached XP level 4. HP: 5/37 MP: 4/4
  1908 | D:2      | Noticed Natasha
  1911 | D:2      | Killed Natasha
  2009 | D:2      | Reached skill level 1 in Long Blades
  2178 | D:2      | Reached XP level 5. HP: 44/44 MP: 5/5
  2294 | D:2      | Noticed Jessica
  2321 | D:2      | Killed Jessica
  2321 | D:2      | Reached skill level 5 in Throwing
  2322 | D:2      | Slain by an adder

Vault maps used:
D:1:      onia_arrival_pyramid
D:2:      first_bread, uniq_terence, uniq_natasha, uniq_jessica

Skill      XL: |  1  2  3  4  5 |
---------------+----------------+-----
Throwing       | 4 5 |  5.0
Short Blades   | 1 |  1.3
Dodging        | 2 |  2.1
Long Blades    | 1 |  1.0
Fighting       | |  2.8
Armour         | |  0.9
Stealth        | |  0.8

Action                   |  1- 3 |  4- 6 || total
-------------------------+-------+-------++-------
Melee: Short sword       |    87 |       ||    87
       Falchion          |    19 |    34 ||    53
Throw: Javelin           |    13 |    10 ||    23
       Stone             |    54 |     3 ||    57
       Throwing net      |     2 |     1 ||     3
       Tomahawk          |       |    23 ||    23
  Use: Potion            |       |     2 ||     2
  Eat: Chunk             |     2 |     2 ||     4
Armor: Ring mail         |    45 |    16 ||    61
       Leather armour    |     6 |       ||     6
Dodge: Dodged            |    77 |    17 ||    94
       Rpst.: Falchion   |     5 |    10 ||    15

Table legend:
 A = Spawn XP
 B = Non-spawn XP
 C = Spawn XP percentage of total XP
 D = Spawn monster count
 E = Non-spawn monster count
 F = Spawn count percentage of total count
 G = Total turns spent on level
                    A         B        C        D         E        F      G
               +---------+---------+-------+---------+---------+-------+---------
         Total |       0 |     214 |   0.0 |       0 |      41 |   0.0 |  2322
               +---------+---------+-------+---------+---------+-------+---------
           D:1 |       0 |      36 |   0.0 |       0 |      22 |   0.0 |  1129
           D:2 |       0 |     178 |   0.0 |       0 |      19 |   0.0 |  1193
               +---------+---------+-------+---------+---------+-------+---------
